 Dungeon Crawl Stone Soup version 0.21.1-68-g103a7afc0a (webtiles) character file.

18200 SacredBeard the Basher (level 12, -5/100 HPs)
             Began as a Human Berserker on Aug 3, 2018.
             Was a High Priest of Trog.
             Slain by a jumping spider (10 damage)
             ... on level 4 of the Lair of Beasts.
             The game lasted 01:02:41 (14178 turns).

SacredBeard the Basher (Human Berserker)           Turns: 14178, Time: 01:02:42

Health: -5/100     AC: 20    Str: 17    XL:     12   Next: 92%
Magic:  12/12      EV: 10    Int:  9    God:    Trog [*****.]
Gold:   822        SH:  0    Dex: 17    Spells: 11/11 levels left

rFire    . . .     SeeInvis .   K - +5 mace
rCold    . . .     Gourm    +   (no shield)
rNeg     . . .     Faith    .   N - +0 plate armour
rPois    +         Spirit   .   (no helmet)
rElec    .         Reflect  .   n - scarf {repulsion}
rCorr    .         Harm     .   I - +2 pair of gloves {archery}
MR       .....                  D - +1 pair of boots {Stlth+}
Stlth    ..........             t - amulet of the gourmand
HPRegen  0.26/turn              H - ring of poison resistance
MPRegen  0.13/turn              j - +5 ring of slaying

@: about to teleport, berserk cooldown, slowed, repel missiles, very slow
A: no striking features
a: Berserk, Trog's Hand, Brothers in Arms, Burn Spellbooks, Renounce Religion


You were on level 4 of the Lair of Beasts.
You worshipped Trog.
Trog was extremely pleased with you.
You were very full.

You visited 3 branches of the dungeon, and saw 13 of its levels.

You collected 1002 gold pieces.
You spent 180 gold pieces at shops.

Inventory:

Hand Weapons
 G - a +0 great mace
 K - a +5 mace (weapon)
Armour
 n - a scarf of repulsion (worn)
 D - a +1 pair of boots of stealth (worn)
 I - a +2 pair of gloves of archery (worn)
 N - a +0 plate armour (worn)
Jewellery
 d - a +3 ring of evasion
 j - a +5 ring of slaying (right hand)
 t - an amulet of the gourmand (around neck)
 H - a ring of poison resistance (left hand)
Wands
 a - a wand of digging (18)
 u - a wand of scattershot (4)
 v - a wand of disintegration (16)
 x - a wand of flame (22)
 A - a wand of paralysis (11)
 F - a wand of polymorph (34)
 J - a wand of acid (8)
 P - a wand of clouds (4)
Scrolls
 b - 3 scrolls of enchant armour
 e - 5 scrolls of teleportation
 g - 2 scrolls of amnesia
 h - 2 scrolls of fear {unknown}
 i - 3 scrolls of identify
 l - a scroll of enchant weapon {unknown}
 m - a scroll of fog {unknown}
 p - a scroll of immolation
 q - 6 scrolls of remove curse
 w - a scroll of random uselessness {unknown}
 y - 2 scrolls of magic mapping {unknown}
 z - a scroll of blinking {unknown}
 B - a scroll of torment {unknown}
 E - a scroll of silence {unknown}
 M - a scroll of noise {unknown}
 Q - a scroll of holy word {unknown}
Potions
 f - 3 potions of lignification
 k - 2 potions of might
 s - a potion of brilliance
 C - a potion of mutation
 L - a potion of curing
Comestibles
 c - 21 rations


   Skills:
 * Level 11.1 Fighting
 + Level 11.5 Maces & Flails
 + Level 9.7 Armour
 * Level 9.6 Dodging


You had 11 spell levels left.
You didn't know any spells.

Dungeon Overview and Level Annotations

Branches:
Dungeon (8/15)             Temple (0/1) D:4            Lair (4/6) D:8
 Shoals (1/4) Lair:3
  Snake: Lair:2-4    Spider: Lair:2-4

Altars:
Ashenzari
Cheibriados
Elyvilon
Fedhas
Gozag
Hepliaklqana
Kikubaaqudgha
Okawaru
Sif Muna
Trog
Uskayaw
Vehumet
Xom
Yredelemnul

Shops:
D:4 [   D:8 *


Message History

The jumping spider bites you but does no damage.
You hit the jumping spider.
The jumping spider is almost dead.
The jumping spider barely misses you. The jumping spider closely misses you.
The jumping spider pounces on you.
* * * LOW HITPOINT WARNING * * *
The jumping spider bites you but does no damage.
The jumping spider pounces on you but does no damage.
The jumping spider bites you but does no damage.
You barely miss the jumping spider.
The jumping spider is almost dead.
The jumping spider leaps!
The jumping spider pounces on you but does no damage.
The jumping spider bites you but does no damage.
The jumping spider pounces on you!
* * * LOW HITPOINT WARNING * * *
The jumping spider misses you.
As you read the scroll of teleportation, it crumbles to dust.
You feel strangely unstable. The jumping spider pounces on you!
You die...

...............##...
...............#.....
..............##.^..#
............##.)...
...........###...#
##..#.#....##.^^#
##..#......%..#
....##....§s..#.#..
.... #....#@.......
.... #....##s#.#...
.#. #.......# ..#
.......... ..
...s.§...... .
..§...........
###PP..P.######


You could see 2 jumping spiders.

Vanquished Creatures
  A hydra (Lair:1)
  A two-headed ogre (D:8)
  A sea snake (Shoals:1)
  A wolf spider (Lair:4)
  5 elephants (Lair:4)
  2 black mambas
  A merfolk siren (Lair:3)
  4 spiny frogs
  A rime drake (Lair:3)
  2 komodo dragons
  A merfolk (Shoals:1)
  A queen bee (D:8)
  A jumping spider (Lair:4)
  Grinder (D:4)
  Prince Ribbit (D:5)
  2 hippogriffs
  12 blink frogs
  A snapping turtle (Lair:3)
  Sigmund (D:3)
  A wraith (D:7)
  A water elemental (Shoals:1)
  5 yaks (Lair:4)
  3 basilisks
  A wyvern (Lair:3)
  A hungry ghost (D:8)
  5 porcupines
  6 water moccasins
  A sky beast (D:5)
  A black bear (D:8)
  An ice beast (D:7)
  A necrophage (D:5)
  3 centaurs
  3 ogres
  2 wolves (Lair:4)
  4 crocodiles
  A big kobold (D:8)
  10 bullfrogs
  A scorpion (D:6)
  14 killer bees (D:8)
  5 wights (D:8)
  3 howler monkeys (D:7)
  A crimson imp (D:7)
  2 jellies
  3 hounds
  An orc priest (D:6)
  3 orc wizards
  2 bullfrog skeletons (D:5)
  Jessica (D:2)
  2 iguanas
  7 worker ants
  A killer bee zombie (D:7)
  2 hound skeletons
  Robin (D:2)
  6 gnolls
  14 adders
  A shadow imp (D:5)
  An ooze (D:8)
  An adder skeleton (D:4)
  An adder zombie (D:6)
  2 worms
  3 dart slugs (D:1)
  5 leopard geckos
  9 orcs
  8 bats
  12 giant cockroaches
  17 goblins
  11 hobgoblins
  6 jackals
  12 kobolds
  5 quokkas
  A ball python (D:2)
  5 frilled lizards
  A leopard gecko skeleton (D:6)
  A quokka zombie (D:5)
  11 rats
  A fungus (D:6)
  2 plants
275 creatures vanquished.

Vanquished Creatures (collateral kills)
  4 oklob plants (Lair:3)
4 creatures vanquished.

Vanquished Creatures (others)
  2 fungi
  A withered plant (D:8)
3 creatures vanquished.

Grand Total: 282 creatures vanquished

Notes
Turn   | Place    | Note
-------+----------+-------------------------------------------
     0 | D:1      | SacredBeard the Human Berserker began the quest for the Orb.
     0 | D:1      | Reached XP level 1. HP: 18/18 MP: 1/1
    95 | D:1      | Reached XP level 2. HP: 9/24 MP: 2/2
   524 | D:1      | Reached XP level 3. HP: 29/29 MP: 3/3
   639 | D:1      | Reached ** piety under Trog
  1031 | D:2      | Noticed Robin
  1043 | D:2      | Killed Robin
  1043 | D:2      | Reached XP level 4. HP: 36/36 MP: 4/4
  1372 | D:2      | Noticed Sigmund
  1389 | D:3      | Killed Sigmund
  1389 | D:3      | Reached XP level 5. HP: 40/42 MP: 5/5
  1389 | D:3      | Reached XP level 6. HP: 46/48 MP: 6/6
  1643 | D:2      | Found an iron altar of Okawaru.
  1648 | D:2      | Noticed Jessica
  1653 | D:2      | Killed Jessica
  2183 | D:3      | Reached *** piety under Trog
  2507 | D:3      | Reached XP level 7. HP: 31/55 MP: 7/7
  2839 | D:4      | Found Lojemoant's Antique Armour Shoppe.
  2852 | D:4      | Found a staircase to the Ecumenical Temple.
  2874 | D:4      | Reached skill level 5 in Maces & Flails
  3538 | D:4      | Found a shimmering altar of Xom.
  3740 | D:4      | Noticed Grinder
  3740 | D:4      | Paralysed by Grinder for 3 turns
  3752 | D:4      | Killed Grinder
  3752 | D:4      | Reached skill level 5 in Fighting
  3752 | D:4      | Reached XP level 8. HP: 51/62 MP: 8/8
  3757 | D:4      | Found a radiant altar of Vehumet.
  3808 | D:5      | Entered Level 5 of the Dungeon
  3822 | D:5      | Found a glowing drain.
  3899 | D:5      | Reached **** piety under Trog
  4026 | D:5      | Reached skill level 5 in Dodging
  4160 | D:5      | Found a shimmering altar of Xom.
  4407 | D:5      | Found a shattered altar of Ashenzari.
  4411 | D:5      | Found a white marble altar of Elyvilon.
  4416 | D:5      | Found a snail-covered altar of Cheibriados.
  4496 | D:5      | Noticed Prince Ribbit
  4552 | D:5      | Killed Prince Ribbit
  4552 | D:5      | Reached skill level 5 in Armour
  4552 | D:5      | Reached XP level 9. HP: 37/69 MP: 9/9
  5061 | D:5      | Found a basalt altar of Yredelemnul.
  5319 | D:4      | Bought a pair of glowing boots for 180 gold pieces
  5773 | D:6      | Found a hazy altar of Hepliaklqana.
  6828 | D:7      | Found a deep blue altar of Sif Muna.
  6968 | D:7      | Reached XP level 10. HP: 71/79 MP: 10/10
  7051 | D:8      | Reached ***** piety under Trog
  7583 | D:8      | Found Riomerch's Assorted Antiques.
  7674 | D:8      | Found a staircase to the Lair.
  7683 | D:8      | Found a blossoming altar of Fedhas.
  7688 | D:8      | Found an ancient bone altar of Kikubaaqudgha.
  7785 | D:8      | Noticed a two-headed ogre
  7800 | D:8      | Killed a two-headed ogre
  8244 | D:8      | Found an opulent altar of Gozag.
  8357 | D:8      | Found a hide-covered altar of Uskayaw.
  8667 | Lair:1   | Entered Level 1 of the Lair of Beasts
  8673 | Lair:1   | Found a bloodstained altar of Trog.
  8749 | Lair:1   | Noticed an eight-headed hydra
  8761 | Lair:1   | Killed an eight-headed hydra
  8761 | Lair:1   | Reached XP level 11. HP: 24/87 MP: 11/11
  9843 | Lair:2   | HP: 2/89 [blink frog (11)]
  9848 | Lair:2   | Reached skill level 10 in Maces & Flails
 10320 | Lair:2   | Got a pitted flail
 11229 | Lair:3   | Noticed an oklob plant
 11421 | Lair:3   | Noticed an oklob plant
 11795 | Lair:3   | Noticed a merfolk siren
 11802 | Lair:3   | Reached XP level 12. HP: 87/97 MP: 12/12
 11819 | Lair:3   | Reached skill level 10 in Fighting
 11834 | Lair:3   | Found a staircase to the Shoals.
 12344 | Shoals:1 | Entered Level 1 of the Shoals
 12359 | Shoals:1 | Noticed a sea snake
 12374 | Shoals:1 | Killed a sea snake
 14177 | Lair:4   | HP: 4/100 [jumping spider (8)]
 14178 | Lair:4   | Slain by a jumping spider

Skill      XL: |  1  2  3  4  5  6  7  8  9 10 11 12 |
---------------+-------------------------------------+-----
Fighting       | 4 5 6 7 8 9 11 | 11.1
Maces & Flails | 4 5 6 8 9 10 11 | 11.5
Armour         | 3 4 5 6 8 9 |  9.7
Dodging        | 3 4 5 6 7 8 9 |  9.6

Action                   |  1- 3 |  4- 6 |  7- 9 | 10-12 || total
-------------------------+-------+-------+-------+-------++-------
Melee: Mace              |    88 |   190 |   447 |   587 ||  1312
       Great mace        |       |       |    21 |    45 ||    66
Invok: Berserk           |     1 |     1 |     6 |     8 ||    16
       Burn Spellbooks   |       |     1 |     2 |     2 ||     5
       Brothers in Arms  |       |       |       |     1 ||     1
  Use: Scroll            |       |       |    12 |     6 ||    18
       Potion            |       |       |       |     4 ||     4
 Stab: Sleeping          |     1 |       |       |       ||     1
       Distracted        |       |       |     1 |       ||     1
  Eat: Chunk             |       |     7 |    21 |    34 ||    62
       Ration            |       |       |       |     2 ||     2
Armor: Animal skin       |     5 |       |       |       ||     5
       Scale mail        |    14 |   120 |   172 |    31 ||   337
       Plate armour      |       |       |       |   355 ||   355
Dodge: Dodged            |    95 |   242 |   412 |   452 ||  1201
       Deflected         |       |       |     5 |     1 ||     6
